 Dungeon Crawl Stone Soup version 0.18-a0-801-gb01a236 (webtiles) character file.

293 Raultor the Insei (level 6, -5/57 HPs)
             Began as a Naga Monk on Dec 14, 2015.
             Killed by divine providence
             ... invoked by an orc priest
              (13 damage)
             ... on level 4 of the Dungeon.
             The game lasted 00:09:16 (3314 turns).

Raultor the Insei (Naga Monk)                       Turns: 3314, Time: 00:09:16

Health: -5/57      AC:  3    Str: 13    XL:     6   Next: 33%
Magic:  6/6        EV: 11    Int: 11    God:
Gold:   189        SH:  0    Dex: 15    Spells: 0 memorised, 5 levels left

rFire  . . .     SeeInvis +       - Unarmed
rCold  . . .     Clarity  .     a - +0 robe
rNeg   . . .     SustAt   .     (no shield)
rPois  +         Gourm    .     (no helmet)
rElec  .         Spirit   .     (no cloak)
rCorr  .         Dismiss  .     (no gloves)
rMut   .         Stasis   .     (no barding)
MR     .....                    (no amulet)
Stlth  ++........               (no ring)
                                (no ring)

@: short of breath, very slow, not resistant to hostile enchantments, unstealthy
A: see invisible, deformed body, poison resistance, slowness 2, slow metabolism
1, spit poison 2, AC +2
a: Spit Poison


You were on level 4 of the Dungeon.
You were not hungry.

You visited 1 branch of the dungeon, and saw 4 of its levels.

You collected 189 gold pieces.

Inventory:

Missiles
 g - 2 throwing nets {=f, !d}
Armour
 a - a +0 robe (worn)
Scrolls
 c - 2 scrolls of identify
 d - a scroll of enchant weapon {unknown}
 e - a scroll of fog
 f - a scroll of teleportation
 s - a scroll of recharging {unknown}
Potions
 m - a potion of degeneration {!q}
 n - 3 potions of might {unknown}
 o - a potion of heal wounds
 p - 3 potions of curing {unknown}
 q - a potion of mutation {unknown}
Comestibles
 b - 2 bread rations {@e1}
 h - 5 chunks of flesh {@w0}
 i - a slice of pizza
 t - a beef jerky


   Skills:
 + Level 4.3 Fighting
 + Level 3.4 Dodging
 - Level 3.0 Stealth
 * Level 6.0 Unarmed Combat


You had 5 spell levels left.
You didn't know any spells.

Dungeon Overview and Level Annotations

Branches:
Dungeon (4/15)
 Temple: D:4-7

Altars:
Trog
Xom


Innate Abilities, Weirdness & Mutations

You cannot wear boots.
Your serpentine skin is tough (AC +2).
You have supernaturally acute eyesight.
Armour fits poorly on your strangely shaped body.
Your system is resistant to poisons.
You cover ground very slowly.
You have a slow metabolism.
You can spit poison.


Message History

The bat closely misses you. The bat barely misses you.
Aim: a bat The splash of poison hits the bat.
The bat is poisoned.
You kill the bat!
You feel slightly more hungry.
You have got your breath back.
i - a slice of pizza A hobgoblin comes into view.
A hobgoblin is nearby!
You barely miss the hobgoblin.
The hobgoblin hits you but does no damage.
You punch the hobgoblin!
You kill the hobgoblin!
No target in view!
You see here a hobgoblin corpse.
You butcher the hobgoblin corpse.
h - 5 chunks of flesh {@w0} (gained 4) Done exploring.
Done exploring.
There is a stone staircase leading down here.
You climb downwards.
There is a stone staircase leading up here.
p - 3 fuming black potions (gained 1)
Found a stone staircase leading up.
You regained 4 hp, and now have 56/57 hp.
An adder skeleton comes into view.
Health restored: 57 The helpless adder skeleton fails to defend itself.
You punch the adder skeleton! The adder skeleton barely misses you.
You hit the adder skeleton.
You destroy the adder skeleton!
No target in view!
Found a bloodstained altar of Trog.
n - 3 fuming silvery potions (gained 1) 2 orc priests, 2 orc wizards and a skeleton come into view.
The orc wizard shouts!
The orc priest shouts!
The giant frog skeleton hits you.
You take 3 damage, and have 54/57 hp.
You barely miss the giant frog skeleton.
The giant frog skeleton barely misses you.
You hit the giant frog skeleton. The giant frog skeleton hits you.
You take 4 damage, and have 50/57 hp.
You hit the giant frog skeleton. The giant frog skeleton hits you.
You take 5 damage, and have 45/57 hp.
You hit the giant frog skeleton.
The giant frog skeleton barely misses you.
You hit the giant frog skeleton.
The giant frog skeleton completely misses you.
The orc priest shouts!
You punch the giant frog skeleton! The giant frog skeleton hits you.
The giant frog skeleton hits you.
You take 10 damage, and have 35/57 hp.
You hit the giant frog skeleton.
The orc wizard casts a spell.
The orc wizard flickers and vanishes for a moment.
The giant frog skeleton hits you.
An ogre comes into view. It is wielding a giant club.
You take 3 damage, and have 32/57 hp.
You barely miss the giant frog skeleton.
The giant frog skeleton barely misses you.
The ogre shouts!
You hit the giant frog skeleton.
You destroy the giant frog skeleton!
You punch the orc wizard!
The orc priest miscasts a cantrip.
The orc wizard hits you with a dagger.
You take 2 damage, and have 31/57 hp.
You closely miss the orc wizard.
The orc wizard points at you and mumbles some strange words.
You easily resist.
You closely miss the orc wizard. Your punch misses the orc wizard.
The orc priest invokes the aid of Beogh against you.
Something smites you! The orc wizard misses you.
The orc wizard shouts!
You take 12 damage, and have 19/57 hp.
MASSIVE DAMAGE!!
You hit the orc wizard.
The orc wizard casts a spell.
The orc wizard seems to speed up.
The orc priest calls down the wrath of Beogh upon you.
Something smites you!
* * * LOW HITPOINT WARNING * * *
The orc wizard hits you but does no damage.
You take 12 damage, and have 7/57 hp.
MASSIVE DAMAGE!!
You hit the orc wizard.
The orc wizard gestures wildly while chanting.
The orc wizard blinks!
You hit the orc wizard.
You kill the orc wizard!
Your Unarmed Combat skill increases to level 6!
The orc priest miscasts a cantrip.
Aim: an orc priest, wearing a scale mail The splash of poison hits the orc priest.
The orc priest appears unharmed.
You feel slightly more hungry.
You closely miss the orc priest. Your punch misses the orc priest.
The orc priest mumbles some strange prayers to Beogh against you.
Something smites you!
You die... #...##..#.. ###. #######...##..#.. ..oo ..............##. # .oo

######...##..### #. #..
######...##..... ..#.Z
#........##.#... # ...
##........##...#.
....##h####.........##.###.
#.....Oo.o@................
#.#.##.####.........##.####
#. #.........##.#### #.
#.##########.#... .. ...
.....## .. .... ....... ...
...... ...#.## ... ... .. .
#


You could see an ogre, a hound (wandering) and 2 orc priests.

Vanquished Creatures
  2 orc wizards
  Natasha (thrice) (D:2)
  A giant frog skeleton (D:4)
  3 gnolls (D:2)
  7 adders
  2 oozes
  An adder skeleton (D:4)
  2 giant geckos
  4 orcs (D:3)
  5 bats
  2 giant cockroaches (D:3)
  14 goblins
  9 hobgoblins
  8 kobolds
  3 quokkas
  A ball python (D:3)
  2 giant newts
  9 rats
78 creatures vanquished.

Notes
Turn   | Place    | Note
--------------------------------------------------------------
     0 | D:1      | Raultor the Naga Monk began the quest for the Orb.
     0 | D:1      | Reached XP level 1. HP: 21/21 MP: 1/1
   149 | D:1      | Reached XP level 2. HP: 28/28 MP: 2/2
   924 | D:2      | Reached XP level 3. HP: 24/34 MP: 3/3
  1078 | D:2      | Found a shimmering altar of Xom.
  1088 | D:2      | Noticed Natasha
  1118 | D:2      | HP: 8/34 [adder (1)]
  1120 | D:2      | HP: 2/34 [adder (3)]
  1358 | D:2      | Killed Natasha
  1358 | D:2      | Reached skill level 5 in Unarmed Combat
  1358 | D:2      | Reached XP level 4. HP: 29/42 MP: 4/4
  1763 | D:2      | Reached skill level 3 in Dodging
  1804 | D:2      | Noticed Natasha
  1809 | D:2      | Killed Natasha
  1979 | D:2      | Reached XP level 5. HP: 44/50 MP: 5/5
  1989 | D:2      | HP: 5/50 [gnoll/halberd (13)]
  2143 | D:2      | Noticed Natasha
  2143 | D:2      | Killed Natasha
  2424 | D:3      | Reached skill level 4 in Fighting
  2456 | D:2      | HP: 11/50 [adder (3)]
  2461 | D:2      | HP: 7/50 [poisoned by an adder]
  2466 | D:2      | HP: 6/50 [poisoned by an adder]
  2472 | D:2      | HP: 5/50 [poisoned by an adder]
  3127 | D:3      | Reached XP level 6. HP: 54/57 MP: 6/6
  3268 | D:4      | Found a bloodstained altar of Trog.
  3310 | D:4      | HP: 7/57 [orc priest/divine providence (12)]
  3312 | D:4      | Reached skill level 6 in Unarmed Combat
  3314 | D:4      | Killed from afar by an orc priest

Vault maps used:
D:1:      dpeg_arrival_rooms_with_view
D:2:      xom_butterflies, uniq_natasha
D:4:      old_standard_altar, first_bread, uniq_duvessa

Action                   |  1- 3 |  4- 6 || total
-------------------------+-------+-------++-------
Melee: Unarmed           |    56 |   195 ||   251
 Abil: Spit Poison       |     5 |    20 ||    25
  Use: Potion            |       |     1 ||     1
       Scroll            |       |     7 ||     7
 Stab: Sleeping          |     3 |     6 ||     9
  Eat: Chunk             |     1 |     6 ||     7

Vault maps used:
D:1:      dpeg_arrival_rooms_with_view
D:2:      xom_butterflies, uniq_natasha
D:4:      old_standard_altar, first_bread, uniq_duvessa

Table legend:
 A = Turns spent in this place as a percentage of turns spent in the entire game.
 B = Non-inter-level travel turns spent in this place as a percentage of non-inter-level travel turns spent in the entire game.
 C = Inter-level travel turns spent in this place as a percentage of turns spent in this place.
 D = Turns resting spent in this place as a percentage of non-inter-level travel turns spent in this place.
 E = Turns spent auto-exploring this place as a percentage of non-inter-level travel turns spent in this place.
 F = Non-inter-level travel turns spent in this place divided by the number of levels of this place that you've seen.
                   A       B       C       D       E      F
               +-------+-------+-------+-------+-------+----------------------
         Total | 100.0 | 100.0 |   0.6 |   4.8 |  10.8 | 191.8
       Dungeon | 100.0 | 100.0 |   0.6 |   4.8 |  10.8 | 191.8
               +-------+-------+-------+-------+-------+----------------------

Table legend:
 A = Kills in this place as a percentage of kills in entire the game.
 B = Kills by you in this place as a percentage of kills by you in the entire game.
 C = Kills by friends in this place as a percentage of kills by friends in the entire game.
 D = Other kills in this place as a percentage of other kills in the entire game.
 E = Experience gained in this place as a percentage of experience gained in the entire game.
 F = Experience gained in this place divided by the number of levels of this place that you have seen.
                   A       B       C       D       E      F
               +-------+-------+-------+-------+-------+----------------------
         Total | 100.0 | 100.0 |  -nan |  -nan | 100.0 | 104.8
       Dungeon | 100.0 | 100.0 |  -nan |  -nan | 100.0 | 104.8
               +-------+-------+-------+-------+-------+----------------------
